 Dungeon Crawl Stone Soup version 0.17.0-15-g6d90897 (webtiles) character file.

130 oplop the Bolt Thrower (level 4, 0/38 HPs)
             Began as a Minotaur Hunter on Nov 10, 2015.
             Slain by a worker ant (6 damage)
             ... on level 4 of the Dungeon.
             The game lasted 00:05:21 (1626 turns).

oplop the Bolt Thrower (Minotaur Hunter)            Turns: 1626, Time: 00:05:21

Health: 0/38       AC:  3    Str: 17    XL:     4   Next: 90%
Magic:  3/3        EV: 13    Int:  8    God:
Gold:   120        SH:  0    Dex: 11    Spells: 0 memorised, 3 levels left

rFire  . . .     SeeInvis .     b - +0 short sword
rCold  . . .     Clarity  .     d - +0 leather armour
rNeg   . . .     SustAt   .     (no shield)
rPois  .         Gourm    .     (helmet restricted)
rElec  .         Spirit   .     (no cloak)
rCorr  .         Warding  .     (no gloves)
rMut   .         Stasis   .     (no boots)
MR     .....                    (no amulet)
Stlth  +.........               (no ring)
                                (no ring)

@: lethally poisoned (0 -> -8), not resistant to hostile enchantments, very
unstealthy
A: retaliatory headbutt, horns 2
a: no special abilities


You were on level 4 of the Dungeon.
You were not hungry.

You visited 1 branch of the dungeon, and saw 4 of its levels.

You collected 120 gold pieces.

Inventory:

Hand Weapons
 a - a +1 hand crossbow
 b - a +0 short sword (weapon)
Missiles
 c - 20 bolts
Armour
 d - a +0 leather armour (worn)
 j - a +0 shield
Jewellery
 m - a cursed -2 ring of intelligence {unknown}
 n - a cursed ring of teleportation {unknown}
 r - an uncursed ring of wizardry {unknown}
 v - an uncursed amulet of guardian spirit {unknown}
Wands
 q - a wand of magic darts (31)
Scrolls
 f - 2 scrolls of blinking {unknown}
 g - 8 scrolls of identify {unknown}
 i - a scroll of remove curse {unknown}
 k - 3 scrolls of teleportation {unknown}
 p - 2 scrolls of enchant weapon {unknown}
Comestibles
 e - 2 bread rations
 h - 2 meat rations
 l - 3 fruits
 o - 2 royal jellies
 s - a beef jerky
 x - 2 chunks of flesh


   Skills:
 + Level 3.1 Fighting
 - Level 1.0 Short Blades
 + Level 4.4 Crossbows
 + Level 3.5 Armour
 + Level 3.7 Dodging
 - Level 0.7 Stealth


You had 3 spell levels left.
You didn't know any spells.

Dungeon Overview and Level Annotations

Branches:
Dungeon (4/15)
 Temple: D:4-7

Altars:
Ashenzari
Fedhas
Makhleb

Annotations:
D:3 Grinder


Innate Abilities, Weirdness & Mutations

You reflexively headbutt those who attack you in melee.
You have a pair of horns on your head.


Message History

You feel sick. The worker ant misses you.
Evoke which item? (* to show all) (? for menu, Esc to quit)
Zapping:
q - a wand of magic darts {zapped: 3} (will waste charges)
Press: ? - help, Shift-Dir - straight line, f/p - worker ant
Aim: a worker ant (heavily wounded)
The magic dart hits the worker ant.
The worker ant is almost dead.
Evoking this partially-identified wand wasted a few charges.
* * * LOW HITPOINT WARNING * * *
You feel sick. The worker ant closely misses you.
Evoke which item? (* to show all) (? for menu, Esc to quit)
Zapping:
q - a wand of magic darts {zapped: 6} (will waste charges)
Press: ? - help, Shift-Dir - straight line, f/p - worker ant
Aim: a worker ant (almost dead)
The magic dart hits the worker ant.
The worker ant is almost dead.
Evoking this partially-identified wand wasted a few charges.
* * * LOW HITPOINT WARNING * * *
You feel sick. The worker ant bites you.
You die...

... ...
#.. #.#
... #.#
### ...
... $(.
#.##.##.#
#.#.#.#
#.<.#
##.## #@#
#a# #..
####


You could see a worker ant.

Vanquished Creatures
  A crimson imp (D:2)
  3 adders
  An ooze (D:3)
  3 giant geckos
  11 bats
  9 goblins
  4 hobgoblins
  11 jackals
  4 kobolds
  A quokka (D:2)
  2 giant cockroaches (D:2)
  4 giant newts
  7 rats
61 creatures vanquished.

Notes
Turn   | Place    | Note
--------------------------------------------------------------
     0 | D:1      | oplop the Minotaur Hunter began the quest for the Orb.
     0 | D:1      | Reached XP level 1. HP: 18/18 MP: 0/0
    37 | D:1      | Reached skill level 1 in Armour
    74 | D:1      | Reached XP level 2. HP: 19/25 MP: 1/1
   746 | D:1      | Reached XP level 3. HP: 18/30 MP: 2/2
   935 | D:2      | Found a burning altar of Makhleb.
   942 | D:2      | Reached skill level 1 in Short Blades
   942 | D:2      | Reached XP level 4. HP: 29/38 MP: 3/3
  1010 | D:2      | Found a blossoming altar of Fedhas.
  1014 | D:2      | Found a shattered altar of Ashenzari.
  1423 | D:3      | Noticed Grinder
  1608 | D:3      | Paralysed by Grinder for 2 turns
  1626 | D:4      | Slain by a worker ant

Action                   |  1- 3 |  4- 6 || total
-------------------------+-------+-------++-------
Melee: Short sword       |    71 |    66 ||   137
 Fire: Hand crossbow     |     2 |       ||     2
Evoke: Wand              |       |     3 ||     3
  Use: Potion            |       |     4 ||     4
 Stab: Sleeping          |     1 |     1 ||     2
  Eat: Chunk             |       |     2 ||     2
